 Dungeon Crawl Stone Soup version 0.25.1-2-g60ff931df9 (webtiles) character file.

Game seed: 16777829101538805824

2962 gruber the Frost Mage (level 9, -23/45 HPs)
             Began as a Deep Elf Ice Elementalist on Nov 15, 2020.
             Was a Follower of Vehumet.
             Annihilated by a two-headed ogre
             ... wielding a +0 giant club
              (26 damage)
             ... on level 9 of the Dungeon.
             The game lasted 00:09:56 (10222 turns).

gruber the Frost Mage (Deep Elf Ice Elementalist)  Turns: 10222, Time: 00:09:56

Health: -23/45     AC:  2    Str:  5    XL:     9   Next: 52%
Magic:  6/23       EV: 13    Int: 24    God:    Vehumet [*.....]
Gold:   501        SH:  0    Dex: 21    Spells: 12/24 levels left

rFire    . . .     SeeInvis .   u - +0 dagger (venom)
rCold    . . .     Gourm    .   (no shield)
rNeg     . . .     Faith    .   a - +0 robe
rPois    .         Spirit   .   (no helmet)
rElec    .         Reflect  .   (no cloak)
rCorr    .         Harm     .   (no gloves)
MR       .....                  (no boots)
Stlth    ++........             (no amulet)
HPRegen  0.15/turn              D - ring of wizardry
MPRegen  0.18/turn              H - +6 ring of dexterity

@: no status effects
A: no striking features
a: Renounce Religion


You were on level 9 of the Dungeon.
You worshipped Vehumet.
Vehumet was aware of your devotion.
You were not hungry.

You visited 2 branches of the dungeon, and saw 10 of its levels.

You collected 501 gold pieces.

Inventory:

Hand Weapons
 u - a +0 dagger of venom (weapon)
 w - a +0 whip of holy wrath
 z - a +2 whip of draining
Missiles
 I - 4 javelins (quivered)
Armour
 a - a +0 robe (worn)
 b - a scarf of harm
 v - a +2 leather armour of magic resistance
Jewellery
 k - an uncursed ring of wizardry
 l - an uncursed ring of stealth
 D - a ring of wizardry (left hand)
 H - a +6 ring of dexterity (right hand)
Wands
 r - a wand of flame (16)
 t - a wand of paralysis (13)
 F - a wand of acid (5)
 K - a wand of polymorph (5)
 L - a wand of random effects (9)
 M - a wand of digging (4)
Scrolls
 e - 3 scrolls of blinking
 f - 9 scrolls of identify
 g - 5 scrolls of teleportation
 h - 2 scrolls of fear {unknown}
 p - 3 scrolls of enchant weapon {unknown}
 x - 4 scrolls of remove curse
 y - 3 scrolls of amnesia {unknown}
 B - a scroll of random uselessness {unknown}
 N - a scroll of fog
Potions
 d - 3 potions of stabbing
 i - 3 potions of heal wounds {unknown}
 j - a potion of haste
 m - a potion of brilliance {unknown}
 n - 2 potions of resistance {unknown}
 o - a potion of cancellation {unknown}
 q - a potion of lignification {unknown}
 s - 4 potions of curing {unknown}
 A - a potion of magic {unknown}
 C - a potion of mutation {unknown}
 E - a potion of might {unknown}
 G - a potion of degeneration {unknown}
 J - 2 potions of flight {unknown}
Comestibles
 c - 12 rations
 O - 4 chunks of flesh


   Skills:
 - Level 0.2 Maces & Flails
 - Level 2.4 Dodging
 - Level 2.4 Stealth
 - Level 8.2 Spellcasting
 + Level 8.0 Conjurations
 - Level 7.0 Summonings
 - Level 8.3 Ice Magic
 - Level 1.2 Evocations


You had 12 spell levels left.
You knew the following spells:

 Your Spells              Type           Power        Failure   Level  Hunger
a - Freeze                Ice            ####         1%          1    None
b - Frozen Ramparts       Ice            #####.       1%          3    None
c - Hailstorm             Conj/Ice       #####...     1%          4    ##.....
d - Summon Ice Beast      Ice/Summ       #####...     1%          4    ##.....

Your spell library contained the following spells:

 Spells                   Type           Power        Failure   Level  Hunger
 Magic Dart               Conj           ####         1%          1    None
 Ozocubu's Armour         Chrm/Ice       ####....     1%          3    None


Dungeon Overview and Level Annotations

Branches:
Dungeon (9/15)             Temple (1/1) D:4
   Lair: D:8-11         Orc: D:9-12

Altars:
Ashenzari
Fedhas
Gozag
Nemelex Xobeh
Okawaru
Qazlal
Ru
Uskayaw
Vehumet
Wu Jian
Zin
The Shining One

Shops:
D:5 *

Annotations:
D:5 3 runed translucent doors, othur's ghost, novice GrFi
D:9 Grum


Message History

You kill the centaur!
Vehumet accepts your kill.
Your Conjurations skill increases to level 8!
The hail pelts the yak!
The yak is heavily wounded.
The hail pelts the yak!
The yak is severely wounded.
The frozen ramparts melt away.
The two-headed ogre hits you with a +0 giant club!
The two-headed ogre hits you with a +0 giant spiked club!
Unknown command.
Unknown command.
The two-headed ogre barely misses you.
The two-headed ogre hits you with a +0 giant spiked club!
* * * LOW HITPOINT WARNING * * *
You see here 15 bolts.
There is a stone staircase leading down here.
The two-headed ogre hits you with a +0 giant club!!
Ouch! That really hurt!
You die...

#....# ###.#### #########....#
#...........## #...........#
####...##########
.###...######...##
.......>.#.......#
.........#.....O@#
..##)..######.Y########### #
#+##...######..###.#..#..## .##
............#.Y.÷.........#...#
............#.......#.....'...#
#####+..#..######.)##..####..##
..##..⌠.⌠########†.##..####..#
......._.>....#..>.......O.. ..
......⌠.⌠.....#...†......... ..


You could see a two-headed ogre and a yak.

Vanquished Creatures
  4 yaks (D:9)
  Duvessa (D:4)
  2 black bears
  A sky beast (D:9)
  An ogre (D:8)
  3 centaurs
  A wolf (D:8)
  3 bullfrogs
  Dowan (D:4)
  6 scorpions
  3 killer bees (D:8)
  2 howler monkeys (D:7)
  2 orc priests (D:7)
  4 hounds
  An orc wizard (D:7)
  Natasha (thrice) (D:3)
  An iguana (D:9)
  2 worker ants
  Ijyb (D:3)
  A hound skeleton (D:4)
  A worker ant zombie (D:5)
  4 gnolls (D:4)
  2 howler monkey skeletons (D:7)
  7 adders
  A shadow imp (D:8)
  An adder zombie (D:9)
  2 adder skeletons
  A worm (D:2)
  5 leopard geckos
  10 orcs
  A giant cockroach (D:3)
  7 goblins
  5 hobgoblins
  3 quokkas
  3 bats
  4 frilled lizards
  A jackal skeleton (D:4)
  4 kobolds
  A leopard gecko zombie (D:5)
  5 rats
111 creatures vanquished.

Vanquished Creatures (collateral kills)
  A troll (D:8)
  A black bear (D:8)
  A wyvern skeleton (D:8)
  A worker ant (D:7)
  A shadow imp (D:7)
  An adder skeleton (D:7)
6 creatures vanquished.

Grand Total: 117 creatures vanquished

Notes
Turn   | Place    | Note
-------+----------+-------------------------------------------
     0 | D:1      | gruber the Deep Elf Ice Elementalist began the quest for
                  | the Orb.
     0 | D:1      | Reached XP level 1. HP: 10/10 MP: 6/6
   397 | D:1      | Reached XP level 2. HP: 11/15 MP: 2/8
   767 | D:1      | Reached skill level 5 in Ice Magic
  1412 | D:2      | Reached XP level 3. HP: 14/19 MP: 7/10
  1417 | D:2      | Learned a level 3 spell: Frozen Ramparts
  2825 | D:3      | Noticed Natasha
  2833 | D:3      | Killed Natasha
  2833 | D:3      | Reached XP level 4. HP: 13/24 MP: 7/12
  3054 | D:3      | Noticed Ijyb
  3066 | D:3      | Killed Ijyb
  3394 | D:3      | Noticed Natasha
  3398 | D:3      | Killed Natasha
  3398 | D:3      | Reached skill level 5 in Spellcasting
  3398 | D:3      | Reached XP level 5. HP: 19/28 MP: 9/14
  3506 | D:3      | Noticed Natasha
  3514 | D:3      | Killed Natasha
  4216 | D:4      | Reached XP level 6. HP: 16/32 MP: 12/17
  4696 | D:4      | Noticed Dowan
  4699 | D:4      | Noticed Duvessa
  4711 | D:4      | Killed Duvessa
  4720 | D:4      | Killed Dowan
  5077 | D:4      | Found a staircase to the Ecumenical Temple.
  5114 | D:4      | Found a stormy altar of Qazlal.
  5328 | D:4      | Reached XP level 7. HP: 27/36 MP: 16/20
  5359 | Temple   | Entered the Ecumenical Temple
  5431 | Temple   | Became a worshipper of Vehumet
  5519 | D:5      | Entered Level 5 of the Dungeon
  5583 | D:5      | Found a glowing golden altar of the Shining One.
  5608 | D:5      | Found a runed translucent gate.
  5608 | D:5      | Found a runed translucent gate.
  5609 | D:5      | Found a runed translucent gate.
  5614 | D:5      | Noticed othur's ghost (novice GrFi)
  5633 | D:5      | Found Fydojates's Assorted Antiques.
  6438 | D:6      | Learned a level 4 spell: Hailstorm
  6443 | D:6      | Learned a level 4 spell: Summon Ice Beast
  6795 | D:7      | Reached skill level 1 in Conjurations
  6795 | D:7      | Reached skill level 1 in Summonings
  6795 | D:7      | Reached skill level 1 in Evocations
  7132 | D:7      | Reached XP level 8. HP: 22/41 MP: 19/22
  8178 | D:8      | Reached skill level 5 in Summonings
  8439 | D:8      | Reached * piety under Vehumet
  8439 | D:8      | Offered knowledge of Magic Dart by Vehumet.
  8909 | D:8      | Found a sacrificial altar of Ru.
  9016 | D:8      | Noticed a troll
  9022 | D:8      | Killed a troll
  9022 | D:8      | Reached XP level 9. HP: 20/45 MP: 12/23
  9491 | D:9      | Noticed Grum
  9500 | D:8      | HP: 2/45 [wolf[Grum] (5)]
  9503 | D:8      | Reached skill level 5 in Conjurations
  9816 | D:9      | Found a sparkling altar of Nemelex Xobeh.
 10069 | D:9      | Noticed a two-headed ogre
 10218 | D:9      | HP: 2/45 [two-headed ogre/+0 giant club (17)]
 10222 | D:9      | Annihilated by a two-headed ogre

Illustrated notes

Levels and vault maps discovered:
D:1:      lightli_arrival_quake, layout_basic
D:2:      layout_basic
D:3:      layout_loops_ring, uniq_natasha, uniq_ijyb
D:4:      layout_loops_corners, grunt_qazlal_clouds, temple_green,
          grunt_decor_cap, minmay_liquid_box, dk_vineyard_2, uniq_duvessa
D:5:      layout_gridville, tso_metal_star, serial_shops,
          nicolae_shop_overgrown_old_shop, first_ration,
          ebering_ghost_rock_garden, guppyfry_early_lair_pool
D:6:      layout_rooms, kennysheep_generic_room_3
D:7:      layout_gridville, nicolae_ossuary_entry_plus, minmay_checkerbox
D:8:      layout_loops_cross, nicolae_ru_path_of_blood
D:9:      layout_gridville, nemelex_xobeh_ov_fountains_minmay, hex_medium,
          hangedman_fish_farm, uniq_erolcha, uniq_grum
Temple:   regret_index_temple_mists

Skill      XL: |  1  2  3  4  5  6  7  8  9 |
---------------+----------------------------+-----
Ice Magic      | 5 6 7 8 |  8.3
Spellcasting   | 4 5 6 7 8 |  8.2
Conjurations   | 1 4 8 |  8.0
Summonings     | 2 7 |  7.0
Evocations     | 1 |  1.2
Maces & Flails | |  0.2
Dodging        | |  2.4
Stealth        | |  2.4

Action                   |  1- 3 |  4- 6 |  7- 9 || total
-------------------------+-------+-------+-------++-------
Melee: Unarmed           |     3 |     5 |       ||     8
       Short sword       |    24 |       |       ||    24
       Dagger            |    20 |    63 |    96 ||   179
       Whip              |       |    10 |     6 ||    16
Throw: Javelin           |       |       |     1 ||     1
 Cast: Freeze            |    36 |       |    13 ||    49
       Frozen Ramparts   |     4 |    13 |    29 ||    46
       Summon Ice Beast  |       |       |    16 ||    16
       Hailstorm         |       |       |     8 ||     8
  Use: Scroll            |     5 |       |       ||     5
 Stab: Sleeping          |     3 |     2 |     5 ||    10
  Eat: Chunk             |     3 |     4 |     4 ||    11
       Ration            |     1 |     1 |     4 ||     6
Armor: Robe              |     7 |    12 |    15 ||    34
       Skin              |       |     1 |       ||     1
Dodge: Dodged            |    56 |    37 |    74 ||   167
